FSL
BREVARD COUNTY MANATEES @ LAKELAND FLYING TIGERS
07/11/2098
 
TOP OF THE 1ST
Brevard County Manatees batting - Pitching for Lakeland Flying Tigers : RHP Joey Amaya
Pitching: RHP Joey Amaya
Batting: LHB Travis Konikowski 0-0: Ball
1-0: Ball
2-0: Called Strike
2-1: Ground out 5-3 (Groundball, 5, EV 103.1 MPH)
Batting: SHB Mike Dominguez 0-0: Ground out 2-3 (Groundball, 2R, EV 71.9 MPH)
Batting: SHB Hector Fuentes 0-0: Ball
1-0: Ball
2-0: Ball
3-0: Called Strike
3-1: Base on Balls
Batting: RHB Enrique Acosta 0-0: Called Strike
0-1: Swinging Strike
0-2: Ball
1-2: Strikes out swinging
Top of the 1st over - 0 runs, 0 hits, 0 errors, 1 left on base; Brevard County 0 - Lakeland 0
BOTTOM OF THE 1ST
Lakeland Flying Tigers batting - Pitching for Brevard County Manatees : LHP Chase Jackson
Pitching: LHP Chase Jackson
Batting: LHB Dusty Ancona 0-0: Foul Ball, location: 25F
0-1: Fly out, F9 (Line Drive, 9, EV 85.6 MPH)
Batting: RHB Chris Bowman 0-0: Ball
1-0: Called Strike
1-1: Foul Ball, location: 2RF
1-2: DOUBLE (Line Drive, 8RXD, EV 99.4 MPH)
Batting: RHB Ruben Garcia 0-0: Ball
1-0: Called Strike
1-1: SINGLE (Groundball, 34D, EV 104.4 MPH)
Chris Bowman to third
Runner from 3rd tries for Home, SAFE, throw by RF to home
Batting: RHB Ed Hochstetler 0-0: Called Strike
0-1: Ball
1-1: Foul Ball, location: 7LDF
1-2: Ball
2-2: Ball
3-2: Base on Balls
Ruben Garcia to second
Batting: RHB Mike Nesseth 0-0: Ball
1-0: Foul Ball, location: 2F
1-1: Ball
2-1: Foul Ball, location: 3F
2-2: Foul Ball, location: 7LDF
2-2: SINGLE (Line Drive, 78S, EV 101.9 MPH)
Ruben Garcia to third
Ed Hochstetler to second
Batting: LHB Ron Devers 0-0: Swinging Strike
0-1: Called Strike
0-2: Foul Ball, location: 9LDF
0-2: Ball
1-2: Fly out, F8 (Line Drive, 8LD, EV 90.0 MPH)
Runner from 3rd tags up, SCORES, throw by CF
Ed Hochstetler to third
Batting: RHB Joe McFadden 0-0: Called Strike
0-1: Called Strike
0-2: Ball
1-2: Ground out 5-3 (Groundball, 56S, EV 77.5 MPH)
Bottom of the 1st over - 2 runs, 3 hits, 0 errors, 2 left on base; Brevard County 0 - Lakeland 2
TOP OF THE 2ND
Brevard County Manatees batting - Pitching for Lakeland Flying Tigers : RHP Joey Amaya
Batting: RHB Brian Monte 0-0: Ball
1-0: Fly out, F3 (Popup, 3S, EV 75.0 MPH)
Batting: RHB Earl Lemmer 0-0: Called Strike
0-1: Foul Ball, location: 2RF
0-2: Ball
1-2: SINGLE (Groundball, 56D, EV 108.1 MPH)
Batting: RHB Diego Hinojosa 0-0: Foul Ball, location: 2F
0-1: Swinging Strike
0-2: Ball
1-2: Ball
2-2: Foul Ball, location: 5SF
2-2: Ball
3-2: DOUBLE (Line Drive, 78D, EV 105.6 MPH)
Earl Lemmer to third
Batting: RHB Greg Miles 0-0: Called Strike
0-1: Ground out 3-1 (Groundball, 34, EV 86.9 MPH)
Batting: RHB Alex Lopez 0-0: Called Strike
0-1: Foul Ball, location: 2F
0-2: Fly out, F8 (Flyball, 8RM, EV 90.6 MPH)
Top of the 2nd over - 0 runs, 2 hits, 0 errors, 2 left on base; Brevard County 0 - Lakeland 2
BOTTOM OF THE 2ND
Lakeland Flying Tigers batting - Pitching for Brevard County Manatees : LHP Chase Jackson
Batting: LHB Alex Pacheco 0-0: Swinging Strike
0-1: Ball
1-1: Swinging Strike
1-2: Ball
2-2: Ball
3-2: Foul Ball, location: 3F
3-2: DOUBLE (Groundball, 3L, EV 107.5 MPH)
Batting: RHB Quincy Behan 0-0: Swinging Strike
0-1: Ball
1-1: Swinging Strike
1-2: Foul Ball, location: 2F
1-2: Ball
2-2: Strikes out swinging
Batting: LHB Dusty Ancona 0-0: Swinging Strike
0-1: DOUBLE (Groundball, 3L, EV 103.8 MPH)
Alex Pacheco scores
Batting: RHB Chris Bowman 0-0: Ball
1-0: SINGLE (Line Drive, 34, EV 95.0 MPH)
Dusty Ancona to third
Batting: RHB Ruben Garcia 0-0: Fly out, F9 (Line Drive, 9, EV 108.8 MPH)
Runner from 3rd tags up, SCORES, throw by RF
Batting: RHB Ed Hochstetler 0-0: Called Strike
0-1: Foul Ball, location: 9LSF
0-2: Ball
1-2: Ground out 4-3 (Groundball, 34, EV 81.9 MPH)
Bottom of the 2nd over - 2 runs, 3 hits, 0 errors, 1 left on base; Brevard County 0 - Lakeland 4
TOP OF THE 3RD
Brevard County Manatees batting - Pitching for Lakeland Flying Tigers : RHP Joey Amaya
Pitching: RHP Brad D'Attilo
Batting: LHB Travis Konikowski 0-0: Ball
1-0: Ball
2-0: Ground out 2-3 (Groundball, 2R, EV 69.4 MPH)
Batting: SHB Mike Dominguez 0-0: Called Strike
0-1: Ball
1-1: Ball
2-1: Foul Ball, location: 7LSF
2-2: Foul Ball, location: 25F
2-2: Fly out, F8 (Flyball, 8RM, EV 89.4 MPH)
Batting: SHB Hector Fuentes 0-0: DOUBLE (Line Drive, 5D, EV 95.0 MPH)
Batting: RHB Enrique Acosta 0-0: Foul Ball, location: 9LMF
0-1: Ball
1-1: Swinging Strike
1-2: Ball
2-2: Ground out 6-3 (Groundball, 56, EV 83.1 MPH)
Top of the 3rd over - 0 runs, 1 hit, 0 errors, 1 left on base; Brevard County 0 - Lakeland 4
BOTTOM OF THE 3RD
Lakeland Flying Tigers batting - Pitching for Brevard County Manatees : LHP Chase Jackson
Batting: RHB Mike Nesseth 0-0: Called Strike
0-1: Called Strike
0-2: Ball
1-2: Foul Ball, location: 23FF
1-2: Ground out 6-3 (Groundball, 6, EV 80.0 MPH)
Batting: LHB Ron Devers 0-0: Called Strike
0-1: Ground out 4-3 (Groundball, 4, EV 81.9 MPH)
Batting: RHB Joe McFadden 0-0: SINGLE (Flyball, 34D, EV 88.8 MPH)
Batting: LHB Alex Pacheco 0-0: Ball
1-0: Ball
Wild Pitch!
Joe McFadden to second
2-0: SINGLE (Groundball, 34D, EV 95.6 MPH)
Joe McFadden to third
Runner from 3rd tries for Home, SAFE, throw by RF to home
Batting: RHB Quincy Behan 0-0: Ball
Pickoff Throw by Catcher to First - Out!
Bottom of the 3rd over - 1 run, 2 hits, 0 errors, 0 left on base; Brevard County 0 - Lakeland 5
TOP OF THE 4TH
Brevard County Manatees batting - Pitching for Lakeland Flying Tigers : RHP Brad D'Attilo
Batting: RHB Brian Monte 0-0: Called Strike
0-1: Foul Ball, location: 2F
0-2: Ball
1-2: Strikes out swinging
Batting: RHB Earl Lemmer 0-0: Called Strike
0-1: DOUBLE (Flyball, 8RXD, EV 98.8 MPH)
Batting: RHB Diego Hinojosa 0-0: Ball
1-0: Ball
2-0: Ground out 6-3 (Groundball, 6M, EV 107.5 MPH)
Batting: RHB Greg Miles 0-0: Ground out 4-3 (Groundball, 4, EV 83.1 MPH)
Top of the 4th over - 0 runs, 1 hit, 0 errors, 1 left on base; Brevard County 0 - Lakeland 5
BOTTOM OF THE 4TH
Lakeland Flying Tigers batting - Pitching for Brevard County Manatees : LHP Chase Jackson
Batting: RHB Quincy Behan 0-0: Ball
1-0: Ball
2-0: Called Strike
2-1: Ball
3-1: Fly out, F9 (Flyball, 9, EV 96.9 MPH)
Batting: LHB Dusty Ancona 0-0: Called Strike
0-1: Ball
1-1: Ground out 6-3 (Groundball, 6M, EV 85.6 MPH)
Batting: RHB Chris Bowman 0-0: Ball
1-0: Ball
2-0: Ball
3-0: Called Strike
3-1: Called Strike
3-2: Base on Balls
Batting: RHB Ruben Garcia 0-0: Ball
1-0: Ball
2-0: Ball
3-0: Base on Balls
Chris Bowman to second
Batting: RHB Ed Hochstetler 0-0: SINGLE (Groundball, 6MD, EV 104.4 MPH)
Chris Bowman to third
Ruben Garcia to second
Runner from 3rd tries for Home, SAFE, throw by CF to home
Pitching: RHP Josh Begley
Batting: RHB Mike Nesseth 0-0: Ball
1-0: Foul Ball, location: 2F
1-1: Ball
2-1: Ball
3-1: Called Strike
3-2: Strikes out swinging
Bottom of the 4th over - 1 run, 1 hit, 0 errors, 2 left on base; Brevard County 0 - Lakeland 6
TOP OF THE 5TH
Brevard County Manatees batting - Pitching for Lakeland Flying Tigers : RHP Brad D'Attilo
Batting: RHB Alex Lopez 0-0: Swinging Strike
0-1: Swinging Strike
0-2: Foul Ball, location: 7LSF
0-2: Ball
1-2: Ball
2-2: Strikes out swinging
Batting: LHB Travis Konikowski 0-0: Foul Ball, location: 2F
0-1: SINGLE (Line Drive, 78S, EV 106.9 MPH)
Batting: SHB Mike Dominguez 0-0: Fly out, F5 (Popup, 56S, EV 65.0 MPH)
Batting: SHB Hector Fuentes 0-0: Called Strike
0-1: Swinging Strike
0-2: Ball
1-2: Fly out, F7 (Line Drive, 78M, EV 88.1 MPH)
Top of the 5th over - 0 runs, 1 hit, 0 errors, 1 left on base; Brevard County 0 - Lakeland 6
BOTTOM OF THE 5TH
Lakeland Flying Tigers batting - Pitching for Brevard County Manatees : RHP Josh Begley
Batting: LHB Ron Devers 0-0: Ball
1-0: SOLO HOME RUN (Line Drive, 89XD, EV 102.5 MPH), Distance : 414 ft
Batting: RHB Joe McFadden 0-0: Ground out 6-3 (Groundball, 6, EV 80.6 MPH)
Batting: LHB Alex Pacheco 0-0: Fly out, F7 (Flyball, 7S, EV 87.5 MPH)
Batting: RHB Quincy Behan 0-0: Ball
1-0: Ground out 6-3 (Groundball, 6, EV 86.9 MPH)
Bottom of the 5th over - 1 run, 1 hit, 0 errors, 0 left on base; Brevard County 0 - Lakeland 7
TOP OF THE 6TH
Brevard County Manatees batting - Pitching for Lakeland Flying Tigers : RHP Brad D'Attilo
Batting: RHB Enrique Acosta 0-0: Ball
1-0: Foul Ball, location: 2F
1-1: SINGLE (Line Drive, 89S, EV 101.3 MPH)
Batting: RHB Brian Monte 0-0: Ball
1-0: Grounds into double play, 5-4-3 (Groundball, 56, EV 100.6 MPH)
Batting: RHB Earl Lemmer 0-0: Called Strike
0-1: Swinging Strike
0-2: Ball
1-2: Fly out, F8 (Flyball, 8RXD, EV 83.8 MPH)
Top of the 6th over - 0 runs, 1 hit, 0 errors, 0 left on base; Brevard County 0 - Lakeland 7
BOTTOM OF THE 6TH
Lakeland Flying Tigers batting - Pitching for Brevard County Manatees : RHP Josh Begley
Batting: LHB Dusty Ancona 0-0: Ball
1-0: Called Strike
1-1: Foul Ball, location: 5F
1-2: Ball
2-2: Ball
3-2: Hit by Pitch
Batting: RHB Chris Bowman 0-0: Reached on error, E5 (Groundball, 56S, EV 81.9 MPH)
Dusty Ancona to second
Batting: RHB Ruben Garcia 0-0: Ball
1-0: Called Strike
1-1: Ball
2-1: Fly out, F8 (Line Drive, 78M, EV 100.6 MPH)
Batting: RHB Ed Hochstetler 0-0: Swinging Strike
0-1: Swinging Strike
0-2: Ball
1-2: Foul Ball, location: 2F
1-2: Strikes out looking
Batting: RHB Mike Nesseth 0-0: Ball
1-0: Foul Ball, location: 2F
1-1: Foul Ball, location: 25F
1-2: Ball
2-2: Ball
3-2: Strikes out swinging
Bottom of the 6th over - 0 runs, 0 hits, 1 error, 2 left on base; Brevard County 0 - Lakeland 7
TOP OF THE 7TH
Brevard County Manatees batting - Pitching for Lakeland Flying Tigers : RHP Brad D'Attilo
Batting: RHB Diego Hinojosa 0-0: Called Strike
0-1: Ball
1-1: Ball
2-1: SINGLE (Groundball, 6MD, EV 104.4 MPH)
Batting: RHB Greg Miles 0-0: Ball
1-0: Ball
2-0: SINGLE (Groundball, 34D, EV 101.9 MPH) (infield hit)
Diego Hinojosa to second
Pinch Hitting: RHB T.J. Ramer 0-0: Called Strike
0-1: Called Strike
0-2: Foul Ball, location: 2F
0-2: Strikes out swinging
Pinch Hitting: LHB DeMario Soriano 0-0: Called Strike
0-1: Ball
1-1: Ball
2-1: Foul Ball, location: 5SF
2-2: Foul Ball, location: 9LSF
2-2: Foul Ball, location: 25F
2-2: Ball
3-2: Base on Balls
Diego Hinojosa to third
Greg Miles to second
Batting: SHB Mike Dominguez 0-0: Ball
1-0: Swinging Strike
1-1: Called Strike
1-2: Foul Ball, location: 5SF
1-2: Ball
2-2: Foul Ball, location: 5DF
2-2: Grounds into fielders choice 5-2 (Groundball, 5, EV 88.1 MPH)
Greg Miles to third
DeMario Soriano to second
Pinch Hitting: SHB Chase Myers 0-0: Ball
1-0: Ball
2-0: Called Strike
2-1: Ball
3-1: Swinging Strike
3-2: Foul Ball, location: 7LSF
3-2: Foul Ball, location: 2F
3-2: Base on Balls
Greg Miles scores
DeMario Soriano to third
Mike Dominguez to second
Batting: RHB Enrique Acosta 0-0: Swinging Strike
0-1: Ball
1-1: Ball
2-1: Ball
3-1: Ground out 2-3 (Groundball, 2R, EV 71.3 MPH)
Top of the 7th over - 1 run, 2 hits, 0 errors, 3 left on base; Brevard County 1 - Lakeland 7
BOTTOM OF THE 7TH
Lakeland Flying Tigers batting - Pitching for Brevard County Manatees : RHP Josh Begley
Now at 1B: Chase Myers
Now in LF: DeMario Soriano
Now in CF: T.J. Ramer
Batting: LHB Ron Devers 0-0: Ball
1-0: SINGLE (Line Drive, 8RS, EV 97.5 MPH)
Batting: RHB Joe McFadden 0-0: Called Strike
0-1: Swinging Strike
0-2: Foul Ball, location: 2LF
0-2: Foul Ball, location: 5F
0-2: Ball
1-2: Fly out, F3 (Popup, 3S, EV 65.6 MPH)
Batting: LHB Alex Pacheco 0-0: 2-RUN HOME RUN (Flyball, 9D, EV 93.8 MPH), Distance : 368 ft
Batting: RHB Quincy Behan 0-0: Called Strike
0-1: Ball
1-1: Ball
2-1: Ball
3-1: Called Strike
3-2: Foul Ball, location: 3SF
3-2: Fly out, F4 (Popup, 3D, EV 55.6 MPH)
Batting: LHB Dusty Ancona 0-0: Called Strike
0-1: Ball
1-1: Ball
2-1: Called Strike
2-2: SINGLE (Groundball, 4S, EV 68.1 MPH) (infield hit)
Batting: RHB Chris Bowman 0-0: Fly out, F9 (Flyball, 89D, EV 104.4 MPH)
Bottom of the 7th over - 2 runs, 3 hits, 0 errors, 1 left on base; Brevard County 1 - Lakeland 9
TOP OF THE 8TH
Brevard County Manatees batting - Pitching for Lakeland Flying Tigers : RHP Brad D'Attilo
Batting: RHB Brian Monte 0-0: Ball
1-0: Foul Ball, location: 5F
1-1: Swinging Strike
1-2: Strikes out swinging
Batting: RHB Earl Lemmer 0-0: Fly out, F9 (Line Drive, 9, EV 105.0 MPH)
Batting: RHB Diego Hinojosa 0-0: Fly out, F9 (Flyball, 9, EV 93.1 MPH)
Top of the 8th over - 0 runs, 0 hits, 0 errors, 0 left on base; Brevard County 1 - Lakeland 9
BOTTOM OF THE 8TH
Lakeland Flying Tigers batting - Pitching for Brevard County Manatees : RHP Josh Begley
Batting: RHB Ruben Garcia 0-0: SINGLE (Groundball, 6MD, EV 96.3 MPH)
Batting: RHB Ed Hochstetler 0-0: Called Strike
0-1: Ball
1-1: Foul Ball, location: 5SF
1-2: Strikes out swinging
Batting: RHB Mike Nesseth 0-0: Foul Ball, location: 2F
0-1: Swinging Strike
0-2: Ball
1-2: Strikes out swinging
Batting: LHB Ron Devers 0-0: Ball
1-0: Ground out U3 (Groundball, 3L, EV 93.8 MPH)
Bottom of the 8th over - 0 runs, 1 hit, 0 errors, 1 left on base; Brevard County 1 - Lakeland 9
TOP OF THE 9TH
Brevard County Manatees batting - Pitching for Lakeland Flying Tigers : RHP Brad D'Attilo
Batting: RHB Greg Miles 0-0: Ball
1-0: Ball
2-0: Called Strike
2-1: Foul Ball, location: 3F
2-2: Ground out 6-3 (Groundball, 6M, EV 89.4 MPH)
Pinch Hitting: RHB Pedro Medina 0-0: Called Strike
0-1: Ball
1-1: Foul Ball, location: 2F
1-2: Fly out, F8 (Flyball, 8LD, EV 91.3 MPH)
Batting: LHB DeMario Soriano 0-0: Ball
1-0: Ball
2-0: Foul Ball, location: 23F
2-1: SINGLE (Groundball, 34D, EV 108.1 MPH)
Pitching: RHP Jonathan Williams
Batting: SHB Mike Dominguez 0-0: Foul Ball, location: 25FF
0-1: Foul Ball, location: 5SF
0-2: Strikes out swinging
Top of the 9th over - 0 runs, 1 hit, 0 errors, 1 left on base; Brevard County 1 - Lakeland 9
Tuesday, April 9th , 2024 - OOTP Baseball 24.11 Build 85